 Dungeon Crawl Stone Soup version 0.20-a0-809-gaf7f668 (console) character file.

674 nht the Insei (level 7, -2/64 HPs)
             Began as an Octopode Transmuter on Mar 3, 2017.
             Slain by a centaur (5 damage)
             ... on level 5 of the Dungeon.
             The game lasted 00:04:36 (4622 turns).

nht the Insei (Octopode Transmuter)                 Turns: 4622, Time: 00:04:37

Health: -2/64      AC: 23    Str: 14    XL:     7   Next: 59%
Magic:  10/10      EV:  2    Int: 24    God:
Gold:   300        SH:  0    Dex: 12    Spells: 6/10 levels left

rFire    . . .     SeeInvis .   w - +9 halberd {chop, Str+4 Int+3}
rCold    . . .     Gourm    .   (shield currently unavailable)
rNeg     + + +     Faith    .   (helmet currently unavailable)
rPois    +         Spirit   .   (no amulet)
rElec    .         Reflect  .   k - +4 ring of intelligence
rCorr    .         Harm     .   (no ring)
MR       .....     NoTele   +   (no ring)
Stlth    +.........             (no ring)
Regen    0.2/turn               (no ring)
MPRegen  0.2/turn               (no ring)
                                (no ring)
                                (no ring)

@: tree-form
A: almost no armour, stealthy swim, (amphibious), 8 rings, (constrict 8),
(camouflage 0), (gelatinous body 0)
a: no special abilities


You were on level 5 of the Dungeon.
You were not hungry.
You were a tree.
You visited 1 branch of the dungeon, and saw 5 of its levels.

You collected 300 gold pieces.

Inventory:

Hand Weapons
 u - the +1 dagger of Kopol {pierce, SInv}
   (You found it on level 5 of the Dungeon)

   It inflicts extra damage upon your enemies.
   It lets you see invisible.
 w - the +9 halberd "Oniatuh" (weapon) {chop, Str+4 Int+3}
   (You found it on level 4 of the Dungeon)

   It inflicts extra damage upon your enemies.
   It affects your strength (+4).
   It affects your intelligence (+3).
Missiles
 a - 88 arrows
Armour
 i - a +1 shield
Jewellery
 k - a +4 ring of intelligence (left branch)
Wands
 s - a wand of iceblast (3/15)
 t - a wand of random effects (33/48)
Scrolls
 e - a scroll of enchant weapon
 f - 2 scrolls of fog
 h - a scroll of teleportation
 l - 3 scrolls of magic mapping
 m - 2 scrolls of remove curse
 n - 3 scrolls of recharging
Potions
 d - a potion of invisibility
 x - a potion of agility {unknown}
Books
 b - a book of Changes

   Spells                             Type                      Level
   a - Beastly Appendage              Transmutation                1
   b - Sticks to Snakes               Transmutation                2
   c - Spider Form                    Transmutation/Poison         3
   d - Ice Form                       Ice/Transmutation            4
   e - Blade Hands                    Transmutation                5
Comestibles
 c - 4 bread rations
 g - 6 fruits
 j - a meat ration
 p - a chunk of flesh
 r - a royal jelly


   Skills:
 - Level 1.0 Fighting
 - Level 2.0 Dodging
 * Level 7.3 Unarmed Combat
 - Level 2.0 Spellcasting
 + Level 4.9 Transmutations


You had 6 spell levels left.
You knew the following spells:

 Your Spells              Type           Power        Failure   Level  Hunger
a - Beastly Appendage     Tmut           ####..       1%          1    #......
b - Spider Form           Tmut/Pois      ##........   17%         3    ###....


Dungeon Overview and Level Annotations

Branches:
Dungeon (5/15)
 Temple: D:4-7

Altars:


Innate Abilities, Weirdness & Mutations

You cannot wear most types of armour.
You are very stealthy in the water. (Stealth+)
((You are amphibious.))
You can wear up to eight rings at the same time.
((You can use your tentacles to constrict eight enemies at once.))
((Your skin changes colour to match your surroundings (Stealth+).))
((Your rubbery body absorbs attacks. (AC +1, EV +1)))


Message History

* * * LOW HITPOINT WARNING * * *
Attack whom?
Press: ? - help, Dir - move target cursor, f - centaur
Aim: a centaur, wielding a shortbow You reach to attack!
You barely miss the centaur.
The centaur skeleton hits you but does no damage. x2
The centaur unwields an uncursed shortbow.
The centaur hits you.
* * * LOW HITPOINT WARNING * * *
You hit the centaur. Your punch misses the centaur.
The centaur is lightly wounded.
The centaur skeleton hits you but does no damage.
The centaur hits you but does no damage.
The centaur skeleton hits you but does no damage.
The centaur hits you but does no damage.
You hit the centaur but do no damage.
The centaur is lightly wounded.
The centaur skeleton hits you but does no damage.
The centaur hits you.
You die...

...█*****
██.█.██████*,***
...█*****
█........█****
...█,,,,* ██..██████
...█,,,.█████..█
...+,,,.....(..█
...█,,,.█████.$█
...█***** █..█████
...█********██>(...█
...█*,,,,,,,,+..♣..█
██.█*********█..Zc.█
█.███████ █.....█
█.......█ █.....█
██..████.█ █.....█
....█ *,*


███████ ██..█***,**** .......,,,,,* ████████,**,* You could see a centaur and a
centaur skeleton.

Vanquished Creatures
  An ice beast (D:5)
  The ghost of nht the Slasher, an amateur MfBe of Trog (D:3)
  2 crimson imps (D:5)
  A bullfrog zombie (D:5)
  2 hounds (D:5)
  An orc priest (D:4)
  A gnoll shaman (D:5)
  Natasha (thrice) (D:2)
  3 iguanas
  The ghost of Sapher the Ruffian, a weakling VSFi (D:5)
  3 gnolls (D:2)
  2 adders
  An ooze (D:1)
  3 dart slugs
  5 leopard geckos
  7 orcs
  8 bats
  5 giant cockroaches
  2 goblins (D:2)
  3 hobgoblins
  8 kobolds
  2 quokkas
  5 ball pythons
  2 frilled lizards
  A jackal zombie (D:5)
  2 rats
75 creatures vanquished.

Notes
Turn   | Place    | Note
-------+----------+-------------------------------------------
     0 | D:1      | nht the Octopode Transmuter began the quest for the Orb.
     0 | D:1      | Reached XP level 1. HP: 13/13 MP: 3/3
   393 | D:1      | Reached XP level 2. HP: 18/18 MP: 5/5
  1179 | D:2      | Reached XP level 3. HP: 23/23 MP: 6/6
  1231 | D:2      | Noticed Natasha
  1237 | D:2      | Killed Natasha
  1237 | D:2      | Reached skill level 4 in Unarmed Combat
  1394 | D:2      | Reached XP level 4. HP: 22/28 MP: 7/7
  1673 | D:2      | Noticed Natasha
  1683 | D:2      | Killed Natasha
  1943 | D:2      | Noticed Natasha
  1950 | D:2      | Killed Natasha
  1950 | D:2      | Reached XP level 5. HP: 19/33 MP: 8/8
  1993 | D:2      | Reached skill level 5 in Unarmed Combat
  2247 | D:2      | Learned a level 3 spell: Spider Form
  2373 | D:3      | Noticed nht's ghost (amateur MfBe)
  2396 | D:3      | Killed nht's ghost
  2396 | D:3      | Reached XP level 6. HP: 17/38 MP: 6/9
  3370 | D:4      | Got an ichor-stained halberd
  3605 | D:4      | Reached skill level 6 in Unarmed Combat
  3739 | D:5      | Entered Level 5 of the Dungeon
  4045 | D:5      | Noticed an ice beast
  4049 | D:5      | Reached XP level 7. HP: 20/43 MP: 10/10
  4063 | D:5      | Reached skill level 7 in Unarmed Combat
  4481 | D:5      | Noticed Sapher's ghost (weakling VSFi)
  4497 | D:5      | Killed Sapher's ghost
  4603 | D:5      | Got an ancient dagger
  4604 | D:5      | Identified the cursed +1 dagger of Kopol {pierce, SInv} (You found it on level 5 of the Dungeon)
  4606 | D:5      | Identified the +9 halberd "Oniatuh" {chop, Str+4 Int+3} (You found it on level 4 of the Dungeon)
  4617 | D:5      | HP: 1/43 [centaur/arrow (20)]
  4622 | D:5      | Slain by a centaur

Vault maps used:
D:1:      dpeg_arrival_shelter
D:2:      uniq_natasha
D:3:      first_bread, hangedman_decor_opposing
D:4:      st_stairs_5
D:5:      kb_forest_paths, tgw_xom, uniq_pikel

Skill      XL: |  1  2  3  4  5  6  7 |
---------------+----------------------+-----
Unarmed Combat | 4 5 6 7 |  7.3
Transmutations | 3 4 |  4.9
Fighting       | |  1.0
Dodging        | |  2.0
Spellcasting   | |  2.0

Action                   |  1- 3 |  4- 6 |  7- 9 || total
-------------------------+-------+-------+-------++-------
Melee: Unarmed           |    71 |   119 |    37 ||   227
       Constrict         |    16 |    30 |     4 ||    50
       Tentacles         |     4 |    21 |     3 ||    28
       Kick              |     1 |       |       ||     1
       Punch             |       |     1 |       ||     1
       Halberd           |       |       |     3 ||     3
 Cast: Beastly Appendage |     1 |       |       ||     1
       Spider Form       |       |     1 |     2 ||     3
  Use: Potion            |       |     2 |     4 ||     6
       Scroll            |       |       |    10 ||    10
 Stab: Sleeping          |     5 |     6 |     1 ||    12
       Distracted        |       |     1 |       ||     1
       Invisible         |       |     1 |       ||     1
  Eat: Chunk             |     1 |     9 |     2 ||    12
Armor: Skin              |     7 |     2 |    11 ||    20
Dodge: Dodged            |    59 |    63 |    23 ||   145
